 Dungeon Crawl Stone Soup version 0.27.1-34-g3ba077fa99 (webtiles) character file.

Game seed: 2562646400679236519

1089 Ijustatesigmund the Cudgeller (level 8, 0/51 HPs)
             Began as a Gargoyle Fighter on Feb 3, 2022.
             Killed from afar by Maggie (14 damage)
             ... with a bolt of fire
             ... on level 6 of the Dungeon.
             The game lasted 00:16:31 (5769 turns).

Ijustatesigmund the Cudgeller (Gargoyle Fighter)    Turns: 5769, Time: 00:16:32

Health: 0/51       AC: 15    Str: 19    XL:     8   Next: 30%
Magic:  8/8        EV:  7    Int: 12    God:
Gold:   210        SH: 10    Dex: 11    Spells: 7/7 levels left

rFire    . . .     SeeInvis .   a - +1 flail
rCold    + . .     Faith    .   c - +1 kite shield
rNeg     + . .     Spirit   .   b - +2 scale mail {rC+}
rPois    ∞         Reflect  .   (no helmet)
rElec    +         Harm     .   (no cloak)
rCorr    .         Rampage  .   h - +0 pair of gloves
Will     .....                  (no boots)
Stlth    ..........             (no amulet)
HPRegen  0.17/turn              (no ring)
MPRegen  0.11/turn              (no ring)

@: mesmerised
A: sickness immunity, AC +5, negative energy resistance 1, electricity
resistance, torment resistance 1, petrification resistance, agile 1, wild magic
1
a: no special abilities


You were on level 6 of the Dungeon.
You visited 1 branch of the dungeon, and saw 8 of its levels.
You also visited: Sewer and Bailey.

You collected 210 gold pieces.

Inventory:

Hand Weapons
 a - a +1 flail (weapon)
Armour
 b - a +2 scale mail of cold resistance (worn)
 c - a +1 kite shield (worn)
 h - a +0 pair of gloves (worn)
Magical Staves
 f - a staff of death
Scrolls
 l - 2 scrolls of teleportation
 p - a scroll of enchant armour
Potions
 d - a potion of heal wounds {unknown}
 e - a potion of magic
 i - 2 potions of attraction
 j - a potion of flight
 k - a potion of cancellation {unknown}
 m - a potion of mutation
 o - a potion of degeneration {unknown}


   Skills:
 - Level 5.9 Fighting
 - Level 6.5 Maces & Flails
 - Level 3.8 Armour
 - Level 3.2 Shields
 + Level 4.5 Evocations


You had 7 spell levels left.
You didn't know any spells.
Your spell library contained the following spells:

 Spells                   Type           Power      Damage    Failure   Level
 Dazzling Flash           Conj/Hex       0%         N/A       100%        3
 Iskenderun's Mystic Bla  Conj/Tloc      0%         2d3       100%        4
 Starburst                Conj/Fire      0%         6d3       100%        6


Dungeon Overview and Level Annotations

Branches:
Dungeon (8/15)             Temple (0/1) D:7           Sewer (visited)
 Bailey (visited)
   Lair: D:8-11

Altars:

Shops:
D:4 (

Annotations:
D:4 Sigmund
D:5 3 runed translucent doors, Tzialkovskiy's ghost, amateur TrBr
D:6 Maggie; Pikel


Innate Abilities, Weirdness & Mutations

You are immune to sickness and miasma.
Your stone body is resilient. (AC +5)
You are immune to poison.
You resist negative energy. (rN+)
You are resistant to electric shocks. (rElec)
You are resistant to unholy torment.
You are immune to petrification.
You are agile. (Dex +2)
Your spells are a little harder to cast, but a little more powerful.


Message History

You pick up a book of Spectacle and begin reading...
You add the spells Dazzling Flash, Iskenderun's Mystic Blast and Starburst to your library.
Found a twisted glass wand.
Maggie the Vainglorious comes into view.
She is wielding a +0 long sword.
Maggie shouts!
Maggie moves out of view.
Maggie is nearby!
Maggie casts a spell at you. The bolt of fire hits you!!
A bullfrog zombie comes into view.
A lemure comes into view.
Pikel the Slaver comes into view.
He is wielding a +2 whip of electrocution.
Maggie casts a spell.
Maggie attempts to bespell you!
You are mesmerised by Maggie!
Pikel shouts!
You hear a shout!
An iguana comes into view.
You block the bullfrog zombie's attack.
Pikel says, "You'll feel the lick of my whip!"
Maggie barely misses you.
The iguana hisses angrily.
You sock Maggie!
Maggie is lightly wounded.
The bullfrog zombie hits you but does no damage.
A lemure comes into view.
Maggie hits you with a +0 long sword!
A lemure comes into view.
The bullfrog zombie closely misses you.
It was a potion of mutation.
You feel extremely strange.
You feel agile.
You feel less in control of your magic.
The lemure shouts!
Maggie casts a spell.
Maggie draws you further into her thrall.
The bullfrog zombie hits you.
* * * LOW HITPOINT WARNING * * *
It was a potion of berserk rage.
You are too mesmerised to rage.
The bullfrog zombie hits you but does no damage.
Maggie gestures at you while chanting. The bolt of fire hits you!
You die...

...##########.............
..........................
...#......###....(........
..../.....# #(............
#..###....###.............
###....................
........................
..###.....##############
#.....@# #.....Z@....#
##.##..5....# #. #....K..#
.. #.....l... ..
#.5....... #. #...5.....
##...###.#


You could see Maggie (mesmerising), Pikel, 3 lemures, an iguana and a bullfrog
zombie.

Vanquished Creatures
  A water moccasin (Sewer)
  A black bear (D:4)
  4 orc warriors (Bailey)
  A centaur (D:8)
  A bullfrog (D:7)
  A bullfrog zombie (D:7)
  An orc priest (D:7)
  A bullfrog skeleton (D:5)
  An iguana (D:4)
  2 orc wizards (D:7)
  A killer bee zombie (D:7)
  A hound skeleton (D:5)
  4 adders
  2 white imps
  An ufetubus (D:4)
  A dart slug (D:3)
  2 worms
  8 orcs
  10 bats
  7 endoplasms
  5 giant cockroaches
  9 goblins
  5 hobgoblins
  6 jackals
  5 quokkas
  10 ball pythons
  4 frilled lizards
  17 kobolds
  6 rats
118 creatures vanquished.

Vanquished Creatures (others)
  6 fungi (D:8)
  6 plants (D:8)
12 creatures vanquished.

Grand Total: 130 creatures vanquished

Notes
Turn   | Place    | Note
-------+----------+-------------------------------------------
     0 | D:1      | Ijustatesigmund the Gargoyle Fighter began the quest for
                  | the Orb.
     0 | D:1      | Reached XP level 1. HP: 14/14 MP: 1/1
   190 | D:1      | Reached XP level 2. HP: 15/19 MP: 2/2
   399 | D:1      | Found a faded altar of an unknown god.
   562 | D:1      | Reached skill level 3 in Maces & Flails
   640 | D:1      | Reached XP level 3. HP: 9/24 MP: 3/3
  1518 | D:2      | Reached XP level 4. HP: 29/29 MP: 4/4
  2008 | D:3      | Reached skill level 4 in Maces & Flails
  2069 | D:3      | Found a glowing drain.
  2076 | Sewer    | Entered a sewer
  2114 | Sewer    | Noticed a water moccasin
  2134 | Sewer    | Killed a water moccasin
  2135 | Sewer    | Reached skill level 5 in Maces & Flails
  2135 | Sewer    | Reached XP level 5. HP: 14/34 MP: 5/5
  2590 | D:3      | Reached XP level 6. HP: 40/40 MP: 6/6
  3085 | D:4      | Found Wahiz's Weapon Emporium.
  3182 | D:4      | Noticed a black bear
  3219 | D:4      | Killed a black bear
  3220 | D:4      | Reached skill level 5 in Fighting
  3785 | D:4      | Noticed Sigmund
  3807 | D:5      | Entered Level 5 of the Dungeon
  3905 | D:5      | Reached skill level 6 in Maces & Flails
  3915 | D:5      | Found a runed translucent gate.
  3915 | D:5      | Found a runed translucent gate.
  3915 | D:5      | Found a runed translucent gate.
  3915 | D:5      | Noticed Tzialkovskiy's ghost (amateur TrBr)
  3936 | D:5      | You fall into a shaft and drop 3 floors!
  4126 | D:8      | Reached XP level 7. HP: 29/44 MP: 7/7
  4326 | D:7      | Found a staircase to the Ecumenical Temple.
  4547 | D:7      | Reached skill level 1 in Evocations
  5019 | D:7      | Found a flagged portal.
  5037 | Bailey   | Entered a bailey
  5068 | Bailey   | Noticed an orc knight
  5078 | Bailey   | Noticed an orc knight
  5098 | Bailey   | Reached XP level 8. HP: 50/51 MP: 8/8
  5759 | D:6      | Noticed Maggie
  5765 | D:6      | Noticed Pikel
  5768 | D:6      | Gained mutation: You are agile. (Dex +2) [potion of
                  | mutation]
  5768 | D:6      | Gained mutation: Your spells are a little harder to cast,
                  | but a little more powerful. [potion of mutation]
  5769 | D:6      | Killed from afar by Maggie

Illustrated notes

Levels and vault maps discovered:
D:1:      scummos_arrival_hexagon, layout_loops_cross,
          shapermc_ecumenical_altar_flowoftime, minmay_pentomino_z4
D:2:      layout_rooms, minmay_misc_feat_square
D:3:      layout_loops_ring, portal_sewer_entry_e, uniq_crazy_yiuf_cottage
D:4:      minmay_evil_eye, layout_basic, serial_shops, nicolae_stop_n_shop_1,
          hangedman_decor_riveting, nrook_mini_backslash, uniq_sigmund
D:5:      layout_loops_ring, gammafunk_ghost_split, corexii_hall_statues_x,
          uniq_eustachio, uniq_prince_ribbit1
D:6:      layout_rooms, dk_yredelemnul_ordeal, uniq_maggie, uniq_pikel
D:7:      layout_loops_ring, minmay_temple_entry_purple_smoke, enter_bailey_3
D:8:      wad_river_or_something, layout_basic, due_lair_maze_entry_diamond

Skill      XL: |  1  2  3  4  5  6  7  8 |
---------------+-------------------------+-----
Maces & Flails | 3 5 6 |  6.5
Fighting       | 4 5 |  5.9
Evocations     | 3 4 |  4.5
Armour         | |  3.8
Shields        | |  3.2

Action                   |  1- 3 |  4- 6 |  7- 9 || total
-------------------------+-------+-------+-------++-------
Melee: Flail             |   145 |   231 |   106 ||   482
Evoke: Wand              |       |       |     7 ||     7
  Use: Scroll            |     6 |     4 |     6 ||    16
       Potion            |       |     3 |     8 ||    11
Armor: Scale mail        |   120 |    57 |     7 ||   184
       Ring mail         |       |    92 |    60 ||   152
       Chain mail        |       |     4 |       ||     4
Dodge: Dodged            |    62 |   104 |    32 ||   198
Block: Kite shield       |   127 |   185 |    68 ||   380
